 Dungeon Crawl Stone Soup version 0.22.0-5-gf09313c (webtiles) character file.

292 digijack the Skirmisher (level 6, 0/56 HPs)
             Began as a Hill Orc Fighter on Aug 13, 2018.
             Succumbed to an orc wizard's poison
             ... on level 4 of the Dungeon.
             The game lasted 00:19:17 (2572 turns).

digijack the Skirmisher (Hill Orc Fighter)          Turns: 2572, Time: 00:19:18

Health: 0/56       AC: 10    Str: 19    XL:     6   Next: 33%
Magic:  6/6        EV:  5    Int:  6    God:
Gold:   166        SH:  9    Dex: 12    Spells: 5/5 levels left

rFire    . . .     SeeInvis .   a - +1 war axe
rCold    . . .     Gourm    .   c - +0 shield
rNeg     . . .     Faith    .   o - +0 chain mail
rPois    .         Spirit   .   (no helmet)
rElec    .         Reflect  .   k - +0 cloak
rCorr    .         Harm     .   (no gloves)
MR       .....                  (no boots)
Stlth    ..........             (no amulet)
HPRegen  0.18/turn              p - ring of attention (curse)
MPRegen  0.10/turn              l - -2 ring of intelligence (curse)

@: lethally poisoned (0 -> -34), about to teleport, hasted, very quick
A: no striking features
a: no special abilities


You were on level 4 of the Dungeon.
You were not hungry.

You visited 1 branch of the dungeon, and saw 4 of its levels.

You collected 166 gold pieces.

Inventory:

Hand Weapons
 a - a +1 war axe (weapon)
Missiles
 h - 192 stones (quivered)
Armour
 c - a +0 shield (worn)
 k - a +0 cloak (worn)
 o - a +0 chain mail (worn)
Jewellery
 b - a +3 ring of evasion
 i - a +2 ring of dexterity
 l - a cursed -2 ring of intelligence (right hand)
 m - an uncursed ring of poison resistance
 p - a cursed ring of attention (left hand)
Scrolls
 e - 4 scrolls of identify
 j - 3 scrolls of teleportation
Potions
 d - 2 potions of might
Comestibles
 f - 9 rations
 n - 4 chunks of flesh


   Skills:
 + Level 5.1 Fighting
 + Level 4.8 Axes
 + Level 4.7 Armour
 + Level 4.7 Shields


You had 5 spell levels left.
You didn't know any spells.
Your spell library was empty.

Dungeon Overview and Level Annotations

Branches:
Dungeon (4/15)
 Temple: D:4-7

Altars:
Elyvilon
Fedhas
Hepliaklqana
Nemelex Xobeh
Qazlal
Xom


Message History

You feel very sick. Something hits you but does no damage.
You feel yourself speed up.
* * * LOW HITPOINT WARNING * * *
You feel very sick.
You hear some strange, mumbled words.
Something tries to affect you, but you resist.
* * * LOW HITPOINT WARNING * * *
You feel sick. Something hits you but does no damage.
Things that are here:
a mace; a dagger
* * * LOW HITPOINT WARNING * * *
You feel sick.
* * * LOW HITPOINT WARNING * * *
You feel sick.
* * * LOW HITPOINT WARNING * * *
You feel sick.
As you read the scroll of teleportation, it crumbles to dust.
You feel strangely unstable.
You die...

#...# ####...#####
............
............
÷........... #
####...#####. .# #...#
#.# #.# #...# #.###..#
#...# #...@..# #...#
###.#### .. ####...####
#.# #.# .##.......#
##)## #.. .##.#.###.#
##†).##.#
.##.#.###.###...>...#
...)................###
.......#..##...........
.##.#..# #.....#..###


There were no monsters in sight!

Vanquished Creatures
  A phantom (D:4)
  A scorpion (D:4)
  An orc wizard (D:4)
  2 adders
  2 oozes
  2 worms
  2 dart slugs (D:1)
  2 leopard geckos (D:2)
  8 orcs
  5 giant cockroaches
  9 goblins
  8 hobgoblins
  7 jackals
  A quokka (D:2)
  4 ball pythons
  6 bats
  7 frilled lizards
  4 kobolds
  7 rats
79 creatures vanquished.

Vanquished Creatures (others)
  A kobold (D:3)
1 creature vanquished.

Grand Total: 80 creatures vanquished

Notes
Turn   | Place    | Note
-------+----------+-------------------------------------------
     0 | D:1      | digijack the Hill Orc Fighter began the quest for the Orb.
     0 | D:1      | Reached XP level 1. HP: 19/19 MP: 1/1
   142 | D:1      | Reached XP level 2. HP: 27/27 MP: 2/2
   310 | D:1      | Reached skill level 4 in Fighting
   310 | D:1      | Reached XP level 3. HP: 33/33 MP: 3/3
   727 | D:2      | Reached XP level 4. HP: 38/40 MP: 4/4
  1582 | D:3      | Found a stormy altar of Qazlal.
  1661 | D:3      | Found a sparkling altar of Nemelex Xobeh.
  1684 | D:3      | Found a blossoming altar of Fedhas.
  1687 | D:3      | Found a white marble altar of Elyvilon.
  1693 | D:3      | Found a hazy altar of Hepliaklqana.
  1695 | D:3      | Found a shimmering altar of Xom.
  2109 | D:4      | Reached XP level 5. HP: 45/47 MP: 5/5
  2384 | D:4      | Noticed a phantom
  2396 | D:4      | Killed a phantom
  2396 | D:4      | Reached skill level 5 in Fighting
  2396 | D:4      | Reached XP level 6. HP: 54/56 MP: 6/6
  2571 | D:4      | HP: 2/56 [poisoned by an orc wizard]
  2572 | D:4      | Succumbed to an orc wizard's poison

Skill      XL: |  1  2  3  4  5 |
---------------+----------------+-----
Axes           | 3 4 |  4.8
Fighting       | 4 5 |  5.1
Armour         | 4 |  4.7
Shields        | 4 |  4.7

Action                   |  1- 3 |  4- 6 || total
-------------------------+-------+-------++-------
Melee: War axe           |    96 |   120 ||   216
  Use: Scroll            |       |     5 ||     5
       Potion            |       |     5 ||     5
  Eat: Chunk             |       |     6 ||     6
Armor: Scale mail        |    47 |    29 ||    76
       Chain mail        |       |    21 ||    21
Dodge: Dodged            |    34 |    27 ||    61
Block: Shield            |    50 |    46 ||    96
